 Dungeon Crawl Stone Soup version 0.20-a0-1017-gc3250ce (webtiles) character file.

143 4thArraOfDagon the Firebug (level 5, -4/35 HPs)
             Began as a Barachi Fire Elementalist on Apr 16, 2017.
             Slain by a scorpion (5 damage)
             ... on level 7 of the Dungeon.
             The game lasted 00:04:49 (885 turns).

4thArraOfDagon the Firebug (BaFE)                    Turns: 885, Time: 00:04:50

Health: -4/35      AC:  3    Str: 10    XL:     5   Next: 25%
Magic:  4/9        EV: 12    Int: 18    God:
Gold:   88         SH:  0    Dex: 12    Spells: 2/10 levels left

rFire    . . .     SeeInvis .   k - +0 trident
rCold    . . .     Gourm    .   (no shield)
rNeg     . . .     Faith    .   i - +0 leather armour (curse)
rPois    .         Spirit   .   (no helmet)
rElec    .         Reflect  .   (no cloak)
rCorr    .         Harm     .   (no gloves)
MR       .....                  (no boots)
Stlth    ++........             (no amulet)
Regen    0.2/turn               l - +2 ring of intelligence
MPRegen  0.2/turn               (no ring)

@: lethally poisoned (-4 -> -9), very slightly contaminated, slow
A: +LOS, swims, slowness 1, strong legs 1
a: Hop


You were on level 7 of the Dungeon.
You were hungry.

You visited 1 branch of the dungeon, and saw 8 of its levels.

You collected 88 gold pieces.

Inventory:

Hand Weapons
 j - a +0 mace
 k - a +0 trident (weapon)
Missiles
 o - 4 javelins (quivered)
Armour
 a - a +0 robe
 i - a cursed +0 leather armour (worn)
Jewellery
 l - a +2 ring of intelligence (left hand)
Scrolls
 d - 2 scrolls of amnesia {unknown}
 e - 4 scrolls of identify {unknown}
 m - 2 scrolls of remove curse {unknown}
 p - a scroll of recharging {unknown}
 s - a scroll of enchant armour {unknown}
 t - a scroll of fear {unknown}
Potions
 f - a potion of might
 g - a potion of haste {unknown}
 h - a potion of heal wounds {unknown}
 r - a potion of invisibility {unknown}
Books
 b - a book of Flames

   Spells                             Type                      Level
   a - Flame Tongue                   Conjuration/Fire             1
   b - Throw Flame                    Conjuration/Fire             2
   c - Conjure Flame                  Conjuration/Fire             3
   d - Inner Flame                    Hexes/Fire                   3
   e - Sticky Flame                   Conjuration/Fire             4
   f - Fireball                       Conjuration/Fire             5
Comestibles
 c - 2 bread rations
 q - a meat ration


   Skills:
 - Level 2.1 Dodging
 - Level 1.7 Stealth
 + Level 3.1 Spellcasting
 * Level 3.5 Conjurations
 * Level 4.6 Fire Magic


You had 2 spell levels left.
You knew the following spells:

 Your Spells              Type           Power        Failure   Level  Hunger
a - Flame Tongue          Conj/Fire      ###..        6%          1    None
b - Conjure Flame         Conj/Fire      ###.....     14%         3    ###....
c - Sticky Flame          Conj/Fire      ###.....     47%         4    ####...


Dungeon Overview and Level Annotations

Branches:
Dungeon (8/15)
 Temple: D:4-7         Lair: D:8-11

Altars:
Ashenzari


Innate Abilities, Weirdness & Mutations

Shadows flee at your approach. (+LOS)
You can swim through water.
You cover ground slowly.
You can hop short distances.


Message History

* * * LOW HITPOINT WARNING * * *
Casting: Flame Tongue
Confirm with . or Enter, or press ? or * to list all spells.
Aiming: Flame Tongue
Press: ? - help, Shift-Dir - straight line, f/p - scorpion
Aim: a scorpion (moderately wounded)
The flame tongue hits the scorpion.
The scorpion appears unharmed.
The scorpion is moderately wounded.
The scorpion stings you.
* * * LOW HITPOINT WARNING * * *
Casting: Flame Tongue
Confirm with . or Enter, or press ? or * to list all spells.
Aiming: Flame Tongue
Press: ? - help, Shift-Dir - straight line, f/p - scorpion
Aim: a scorpion (moderately wounded)
The flame tongue hits the scorpion.
The scorpion appears unharmed.
The scorpion is moderately wounded.
* * * LOW HITPOINT WARNING * * *
You feel sick. The scorpion stings you.
You die...

#.###.......<# #.#
#......####.## #....o....#
#####..###.(.###..##o###.#
#............<# #
#.####...###.## #.# ##.##
#. #.# #.# #. #.# #.# #.
#.# #@# #. #.# ###s# #..
..#.# #.#.# #.#.# #.#.#
#.#.# #.#.# #####.#.#


You could see a scorpion.

Vanquished Creatures
  A hound (D:6)
  A bullfrog skeleton (D:6)
  An orc wizard (D:7)
  3 adders
  A worm (D:3)
  A dart slug (D:3)
  2 orcs (D:3)
  A bat (D:2)
  2 giant cockroaches
  2 hobgoblins (D:2)
  4 kobolds
  2 quokkas
  A ball python (D:1)
  A frilled lizard (D:1)
  3 rats
26 creatures vanquished.

Notes
Turn   | Place    | Note
-------+----------+-------------------------------------------
     0 | D:1      | 4thArraOfDagon the Barachi Fire Elementalist began the quest for the Orb.
     0 | D:1      | Reached XP level 1. HP: 13/13 MP: 3/3
    80 | D:2      | Reached XP level 2. HP: 8/19 MP: 0/5
   305 | D:2      | Reached skill level 4 in Fire Magic
   392 | D:3      | Reached XP level 3. HP: 19/24 MP: 2/6
   400 | D:3      | Learned a level 3 spell: Conjure Flame
   400 | D:3      | Found a shattered altar of Ashenzari.
   647 | D:3      | Reached XP level 4. HP: 28/30 MP: 2/8
   668 | D:3      | Learned a level 4 spell: Sticky Flame
   680 | D:5      | Entered Level 5 of the Dungeon
   774 | D:6      | Reached XP level 5. HP: 25/35 MP: 3/9
   808 | D:7      | Noticed an orc warrior
   878 | D:8      | Noticed an ogre
   878 | D:8      | Noticed a black bear
   885 | D:7      | HP: 1/35 [poisoned by a scorpion]
   885 | D:7      | Slain by a scorpion

Vault maps used:
D:1:      matt_arrival_diagonals
D:2:      corexii_shack, nicolae_underground_beach
D:3:      ashenzari_altar_1
D:4:      cheibriados_altar_1, lemuel_round_altar, uniq_duvessa
D:5:      tso_oasis_becter, lemuel_doored_altar, overflow_temple_1_default,
          marbit_many_paths, first_bread
D:6:      old_forge, nicolae_ossuary_entry_catacombs
D:7:      minmay_temple_entry_large_hall, serial_shops, shop
D:8:      nemelex_xobeh_ov_fountains_minmay, blue_anna_alchemist,
          hangedman_decor_peaks_small, kennysheep_generic_room_5

Skill      XL: |  1  2  3  4 |
---------------+-------------+-----
Fire Magic     | 4 |  4.6
Conjurations   | 2 3 |  3.5
Spellcasting   | 3 |  3.1
Dodging        | |  2.1
Stealth        | |  1.7

Action                   |  1- 3 |  4- 6 || total
-------------------------+-------+-------++-------
Melee: Unarmed           |    17 |       ||    17
       Trident           |    22 |     3 ||    25
 Cast: Flame Tongue      |    43 |    16 ||    59
       Conjure Flame     |       |     1 ||     1
 Abil: Hop               |     1 |     1 ||     2
  Use: Potion            |     2 |       ||     2
       Scroll            |       |     2 ||     2
Armor: Robe              |     5 |       ||     5
       Leather armour    |     7 |     1 ||     8
Dodge: Dodged            |    46 |     3 ||    49
